 Dungeon Crawl Stone Soup version 0.23.2-33-g5129a83184 (webtiles) character file.

Game seed: 11102638834738097552

25 MalarOregon the Magician (level 3, -1/28 HPs)
             Began as a Merfolk Wizard on Aug 6, 2019.
             Slain by a gnoll
             ... wielding a +0 flail of crushing
              (7 damage)
             ... on level 1 of the Dungeon.
             The game lasted 00:03:19 (1799 turns).

MalarOregon the Magician (Merfolk Wizard)           Turns: 1799, Time: 00:03:19

Health: -1/28      AC:  3    Str:  8    XL:     3   Next: 6%
Magic:  6/7        EV: 12    Int: 17    God:
Gold:   48         SH:  0    Dex: 12    Spells: 7/8 levels left

rFire    . . .     SeeInvis .   f - +0 spear
rCold    + . .     Gourm    .   (no shield)
rNeg     + . .     Faith    .   h - +0 leather armour {rC+}
rPois    .         Spirit   .   b - +0 hat
rElec    .         Reflect  .   (no cloak)
rCorr    .         Harm     .   (no gloves)
MR       .....                  (no boots)
Stlth    ++........             (no amulet)
HPRegen  0.09/turn              c - ring of positive energy
MPRegen  0.10/turn              (no ring)

@: no status effects
A: change form in water, swift swim, stealthy swim
a: no special abilities


You were on level 1 of the Dungeon.
You were near starving.

You visited 1 branch of the dungeon, and saw 2 of its levels.

You collected 48 gold pieces.

Inventory:

Hand Weapons
 f - a +0 spear (weapon)
   (You found it on level 1 of the Dungeon)
Armour
 b - a +0 hat (worn)
 h - a +0 leather armour of cold resistance (worn)
   (You found it on level 1 of the Dungeon)
Jewellery
 c - a ring of positive energy (left hand)
   (You found it on level 1 of the Dungeon)
Scrolls
 g - a scroll of blinking {unknown}
 j - a scroll of remove curse {unknown}
 k - a scroll of teleportation {unknown}
 n - 3 scrolls of magic mapping {unknown}
 o - a scroll of identify {unknown}
Potions
 a - a potion of magic {unknown}
 i - a potion of agility {unknown}
 l - a potion of brilliance {unknown}
 m - a potion of curing {unknown}
 p - a potion of might {unknown}
Comestibles
 e - 2 rations {!d}


   Skills:
 + Level 2.4 Fighting
 + Level 1.6 Polearms
 - Level 2.6 Dodging
 - Level 2.1 Stealth
 - Level 3.0 Spellcasting
 - Level 0.7 Conjurations
   Level 1.0 Summonings
   Level 0.7 Translocations


You had 7 spell levels left.
You knew the following spells:

 Your Spells              Type           Power        Failure   Level  Hunger
a - Magic Dart            Conj           #...         19%         1    None

Your spell library contained the following spells:

 Spells                   Type           Power        Failure   Level  Hunger
 Call Imp                 Summ           #.......     26%         2    ##.....
 Blink                    Tloc           N/A          28%         2    ##.....
 Slow                     Hex            #.......     36%         2    ##.....
 Conjure Flame            Conj/Fire      #.......     54%         3    ###....
 Mephitic Cloud           Conj/Pois/Air  #.......     56%         3    ###....


Dungeon Overview and Level Annotations

Branches:
Dungeon (2/15)

Altars:


Message History

The gnoll hits you from afar with a +0 spear.
* * * LOW HITPOINT WARNING * * *
You see here a +0 club.
The gnoll closely misses you.
There is an open door here.
There is an open door here.
There is a stone staircase leading up here.
The gnoll misses you.
You climb upwards.
There is a stone staircase leading down here.
Okay, then.
You hit the gnoll. The gnoll barely misses you.
You hit the gnoll but do no damage.
The gnoll hits you with a +0 flail of crushing!
* * * LOW HITPOINT WARNING * * *
* * * LOW HITPOINT WARNING * * *
The gnoll closely misses you.
You are feeling very hungry.
The gnoll misses you.
Attack whom?
Aim: a gnoll, wielding a +0 flail of crushing (lightly wounded)
You reach to attack!
You hit the gnoll. You hit the gnoll.
The gnoll hits you with a +0 flail of crushing!
* * * LOW HITPOINT WARNING * * *
* * * LOW HITPOINT WARNING * * *
You are near starving!
Attack whom?
Aim: a gnoll, wielding a +0 flail of crushing (moderately wounded)
You reach to attack!
You hit the gnoll. You hit the gnoll. The gnoll closely misses you.
You closely miss the gnoll.
The gnoll hits you with a +0 flail of crushing.
* * * LOW HITPOINT WARNING * * *
* * * LOW HITPOINT WARNING * * *
Aim: a gnoll, wielding a +0 flail of crushing (heavily wounded)
The magic dart hits the gnoll.
You hit the gnoll.
The gnoll hits you with a +0 flail of crushing.
* * * LOW HITPOINT WARNING * * *
* * * LOW HITPOINT WARNING * * *
You hit the gnoll but do no damage.
The gnoll hits you with a +0 flail of crushing.
* * * LOW HITPOINT WARNING * * *
* * * LOW HITPOINT WARNING * * *
Unknown command.
You barely miss the gnoll. The gnoll barely misses you.
You hit the gnoll.
The gnoll hits you with a +0 flail of crushing!
You die...

###########
#....g@...# #
#####.#######.# #
#######.......# #.# #
........###.#g### #.#
# #######.#.......#
#.# ######
(.........#.#.#.# #.#
#...##
#####...###.#.#.###.#
#..... #
#.....##.........#
#...##
#####.........#.#####
###.###


You could see a gnoll.

Vanquished Creatures
  A dart slug (D:1)
  A leopard gecko (D:1)
  2 ball pythons (D:1)
  3 bats
  2 goblins (D:1)
  3 hobgoblins
  4 kobolds
  A frilled lizard (D:1)
  5 rats (D:1)
22 creatures vanquished.

Notes
Turn   | Place    | Note
-------+----------+-------------------------------------------
     0 | D:1      | MalarOregon the Merfolk Wizard began the quest for the Orb.
     0 | D:1      | Reached XP level 1. HP: 13/13 MP: 4/4
    76 | D:1      | Reached skill level 1 in Fighting
   271 | D:1      | Reached XP level 2. HP: 22/22 MP: 3/6
   586 | D:1      | Reached skill level 1 in Polearms
  1325 | D:2      | Reached XP level 3. HP: 26/28 MP: 7/7
  1799 | D:1      | Slain by a gnoll

Skill      XL: |  1  2 |
---------------+-------+-----
Fighting       | 1 2 |  2.4
Polearms       | 1 |  1.6
Dodging        | |  2.6
Stealth        | |  2.1
Spellcasting   | |  3.0
Conjurations   | |  0.7
Summonings     | |  1.0
Translocations | |  0.7

Action                   || total
-------------------------++-------
Melee: Unarmed           ||     4
       Spear             ||    76
Throw: Javelin           ||     5
 Cast: Magic Dart        ||    18
 Stab: Sleeping          ||     4
  Eat: Chunk             ||     1
Armor: Leather armour    ||     5
       Robe              ||     1
Dodge: Dodged            ||    40
